 Dungeon Crawl Stone Soup version 0.30-a0-140-gd1020e658a (webtiles) character file.

Game seed: 3307893013655358449

58 Decritt the Shooter (level 3, -4/18 HPs)
             Began as a Spriggan Hunter on Sept 24, 2022.
             Hit by a stone thrown by a gnoll (5 damage)
             ... on level 2 of the Dungeon.
             The game lasted 00:02:11 (979 turns).

Decritt the Shooter (Spriggan Hunter)                Turns: 979, Time: 00:02:11

Health: -4/18      AC:  2    Str:  7    XL:     3   Next: 76%
Magic:  4/4        EV: 19    Int: 10    God:
Gold:   63         SH:  0    Dex: 20    Spells: 2/2 levels left

rFire   . . .      SeeInvis +    a - +0 shortbow
rCold   . . .      Faith    .    (shield currently unavailable)
rNeg    . . .      Spirit   .    c - +0 robe
rPois   .          Reflect  .    (helmet restricted)
rElec   .          Harm     .    (no cloak)
rCorr   .          Rampage  .    (gloves unavailable)
Will    .....                    (boots unavailable)
Stlth   ++........               (no amulet)
HPRegen 0.06/turn                (no ring)
MPRegen 0.09/turn                (no ring)

@: very quick
A: very small, no large weapons, unfitting armour, see invisible, speed 3
a: no special abilities


You were on level 2 of the Dungeon.
You visited 1 branch of the dungeon, and saw 2 of its levels.

You collected 63 gold pieces.

Inventory:

Hand Weapons
 a - a +0 shortbow (weapon)
Armour
 c - a +0 robe (worn)
Scrolls
 b - a scroll of immolation
 d - a scroll of butterflies {unknown}
 f - a scroll of summoning {unknown}
Potions
 e - a potion of resistance {unknown}


   Skills:
 * Level 2.3 Fighting
 * Level 4.3 Ranged Weapons
 * Level 3.8 Dodging
 + Level 2.5 Stealth


You had 2 spell levels left.
You didn't know any spells.
Your spell library was empty.

Dungeon Overview and Level Annotations

Branches:
Dungeon (2/15)

Altars:

Shops:
D:1 ?!:[[   D:2 *


Innate Abilities, Weirdness & Mutations

You are very small and have problems with some larger weapons.
You are too small for most types of armour.
You have supernaturally acute eyesight. (SInv)
You cover ground extremely quickly. (Speed+++)


Message History

You climb upwards.
There is a stone staircase leading down here.
You shoot an arrow. The arrow closely misses the gnoll.
You shoot an arrow. The arrow barely misses the gnoll.
The arrow hits the hobgoblin!
You kill the hobgoblin!
The gnoll completely misses you.
You shoot an arrow. The arrow hits the gnoll!
You kill the gnoll!
No target in view!
No target in view!
You start resting.
HP restored.
You start waiting.
Done waiting.
Okay, then.
(D) Dungeon
Where to? (? - help)
You see here a +0 club.
There is a stone staircase leading down here.
You climb downwards.
The gnoll closely misses you. x2
There is a stone staircase leading up, spattered with blood here.
There are monsters nearby!
You shoot an arrow. The arrow hits the gnoll!
The gnoll is severely wounded.
The gnoll closely misses you. x3; The gnoll hits you with a +0 club.
You shoot an arrow. The arrow completely misses the gnoll.
The gnoll barely misses you. The gnoll closely misses you.
You shoot an arrow.
The arrow hits the gnoll but does no damage.
The gnoll is severely wounded.
The gnoll misses you.
The gnoll hits you from afar with a +0 halberd!
Ouch! That really hurt!
* * * LOW HITPOINT WARNING * * *
The gnoll throws a stone.
The stone closely misses you.
The gnoll throws a stone.
The stone misses you.
A quokka comes into view.
The gnoll throws a stone.
The stone hits you.
You die...

##.........# ...
.##...#..# ..r
...###...# .. ###.
#.#..# ....
?...###.##... . .####
#...#.##... ## #.
....# #......#... ..#.
#.#.## #......###.
...#@#..###......# #
#.#......#......#
#...###g...#.####
##.###..........##
............g<....###
#..##########÷....÷...
##### ##.......##.#
......#..g#.##....
#....(###.# #...


You could see a gnoll and a quokka (asleep).

Vanquished Creatures
  A gnoll (D:1)
  A ball python (D:1)
  3 endoplasms
  5 giant cockroaches (D:1)
  5 goblins (D:1)
  7 hobgoblins
  4 jackals (D:1)
  2 kobolds (D:1)
  A quokka (D:1)
  7 bats
  4 rats
40 creatures vanquished.

Notes
Turn   | Place    | Note
-------+----------+-------------------------------------------
     0 | D:1      | Decritt the Spriggan Hunter began the quest for the Orb.
     0 | D:1      | Reached XP level 1. HP: 10/10 MP: 2/2
    51 | D:1      | Reached XP level 2. HP: 15/15 MP: 3/3
    72 | D:1      | Found Innomifaro's Antique Armour Shoppe.
    91 | D:1      | Found Lojyecwa's Book Shoppe.
   116 | D:1      | Found Redeamue's Distillery.
   160 | D:1      | Found Ylle's Magic Scroll Boutique.
   285 | D:1      | Found a faded altar of an unknown god.
   304 | D:1      | Reached XP level 3. HP: 10/18 MP: 4/4
   582 | D:1      | Found Nujimpuep's Armour Emporium.
   680 | D:2      | Found Aphotam's Assorted Antiques.
   979 | D:2      | Hit by a stone thrown by a gnoll

Illustrated notes

Levels and vault maps discovered:
D:1:      amcnicky_arrival_wind_blow, layout_basic,
          ebering_ecumenical_altar_mist, serial_shops, shop, shop,
          nicolae_shop_statue_plus, shop_fountains, nicolae_square_shop,
          minmay_misc_feat_four_crosses
D:2:      layout_rooms, serial_shops, nicolae_shop_hallway_stairs,
          nicolae_shop_stone, serial_bayou_pond_e, kennysheep_jessica_study

Skill      XL: |  1  2 |
---------------+-------+-----
Dodging        | 3 |  3.8
Stealth        | 2 |  2.5
Fighting       | 2 |  2.3
Ranged Weapons | |  4.3

Action                   || total
-------------------------++-------
 Fire: Shortbow          ||    90
Armor: Robe              ||     4
Dodge: Dodged            ||    34

Table legend: (Time is in decaauts)
 A = Elapsed time spent in this place.
 B = Non-inter-level travel time spent in this place.
 C = Inter-level travel time spent in this place.
 D = Time resting spent in this place.
 E = Time spent auto-exploring this place.
 F = Levels seen in this place.
 G = Mean time per level.
                   A        B        C        D        E       F      G
               +--------+--------+--------+--------+--------+-----+--------+
         Total |    817 |    812 |      5 |    246 |    397 |   2 |  408.5 |
       Dungeon |    817 |    812 |      5 |    246 |    397 |   2 |  408.5 |
               +--------+--------+--------+--------+--------+-----+--------+

Top non-repeatable levels by time:
     D:1: 758 daAuts
     D:2: 59 daAuts
